 Dungeon Crawl Stone Soup version 0.25.1-2-g60ff931df9 (webtiles) character file.

Game seed: 3592138756382543454

4019 Impeuri the Covert (level 10, -7/51 HPs)
             Began as a Vine Stalker Assassin on Aug 20, 2020.
             Was a Priest of Dithmenos.
             Shot with an arrow by a centaur (8 damage)
             ... on level 9 of the Dungeon.
             The game lasted 00:24:40 (7404 turns).

Impeuri the Covert (Vine Stalker Assassin)          Turns: 7404, Time: 00:24:41

Health: -7/51      AC:  8    Str: 14    XL:     10   Next: 23%
Magic:  0/13       EV: 16    Int: 11    God:    Dithmenos [***...]
Gold:   361        SH:  0    Dex: 25    Spells: 9/11 levels left

rFire    . . .     SeeInvis .   H - +4 rapier (drain)
rCold    . . .     Gourm    .   (no shield)
rNeg     . . .     Faith    .   u - +1 robe {Archmagi}
rPois    .         Spirit   +   m - +0 helmet
rElec    .         Reflect  .   c - +0 cloak
rCorr    .         Harm     .   (no gloves)
MR       +....                  h - +2 pair of boots {run}
Stlth    +++++++...             (no amulet)
HPRegen  0.57/turn              k - +6 ring of dexterity
MPRegen  0.13/turn              (no ring)

@: lethally poisoned (-7 -> -7), about to teleport, wreathed by umbra, quick
A: fangs 3, regeneration 1, magic shield, antimagic bite, no potion heal 3, rot
immunity
a: Shadow Step, Renounce Religion


You were on level 9 of the Dungeon.
You worshipped Dithmenos.
Dithmenos was most pleased with you.
You were not hungry.

You visited 2 branches of the dungeon, and saw 10 of its levels.
You also visited: Ossuary.

You collected 361 gold pieces.

Inventory:

Hand Weapons
 a - a +3 dagger
 H - a +4 rapier of draining (weapon)
Missiles
 d - 13 poisoned darts
 e - 9 curare-tipped darts
 C - 8 throwing nets
 G - 9 atropa-tipped darts (quivered)
Armour
 c - a +0 cloak (worn)
 h - a +2 pair of boots of running (worn)
 m - a +0 helmet (worn)
 u - a +1 robe of the Archmagi (worn)
Jewellery
 k - a +6 ring of dexterity (left hand)
 M - an uncursed ring of protection from cold {unknown}
Wands
 y - a wand of random effects (20)
 D - a wand of enslavement (7)
 J - a wand of acid (12)
 L - a wand of disintegration (13)
Scrolls
 g - 3 scrolls of teleportation
 j - 2 scrolls of amnesia
 l - a scroll of blinking {unknown}
 n - 4 scrolls of remove curse
 o - a scroll of enchant armour
 p - 2 scrolls of random uselessness {unknown}
 r - 2 scrolls of immolation {unknown}
 w - 6 scrolls of identify {unknown}
 A - 2 scrolls of fog {unknown}
 P - a scroll of holy word {unknown}
Potions
 b - a potion of resistance {unknown}
 i - 4 potions of lignification {unknown}
 q - 2 potions of mutation {unknown}
 t - 2 potions of stabbing {unknown}
 v - a potion of degeneration {unknown}
 x - 4 potions of flight {unknown}
 z - 2 potions of berserk rage {unknown}
 E - a potion of ambrosia {unknown}
 F - 2 potions of might {unknown}
 I - 2 potions of curing {unknown}
 K - a potion of invisibility {unknown}
 N - a potion of magic {unknown}
 O - a potion of haste {unknown}
Comestibles
 f - 23 rations
 B - 8 chunks of flesh


   Skills:
 - Level 5.5 Fighting
 + Level 6.9 Short Blades
 - Level 4.6 Throwing
 - Level 4.7 Dodging
 - Level 10.3 Stealth
 + Level 1.4 Spellcasting
 + Level 1.4 Translocations
 + Level 3.1 Invocations


You had 9 spell levels left.
You knew the following spells:

 Your Spells              Type           Power        Failure   Level  Hunger
a - Blink                 Tloc           N/A          26%         2    ###....

Your spell library contained the following spells:

 Spells                   Type           Power        Failure   Level  Hunger
 Magic Dart               Conj           #...         30%         1    ##.....
 Call Imp                 Summ           #.......     43%         2    ###....
 Slow                     Hex            #.......     43%         2    ###....
 Conjure Flame            Conj/Fire      #.......     67%         3    ####...
 Mephitic Cloud           Conj/Pois/Air  #.......     67%         3    ####...


Dungeon Overview and Level Annotations

Branches:
Dungeon (9/15)             Temple (1/1) D:4         Ossuary (visited)
   Lair: D:8-11         Orc: D:9-12

Altars:
Ashenzari
Cheibriados
Dithmenos
Elyvilon
Fedhas
Gozag
Hepliaklqana
Kikubaaqudgha
Makhleb
Nemelex Xobeh
Okawaru
Qazlal
Sif Muna
Trog
Uskayaw
Vehumet
Wu Jian
Xom
Yredelemnul
Zin
The Shining One

Shops:
D:7 [

Annotations:
D:9 Pikel


Innate Abilities, Weirdness & Mutations

You have razor-sharp teeth.
Your natural rate of healing is unusually fast.
When hurt, damage is shared between your health and your magic reserves.
Your bite disrupts and absorbs the magic of your enemies.
Potions cannot restore your health.
You are immune to rotting.


Message History

Your surroundings suddenly seem different.
The orc warrior seems to regain its courage.
You feel sick.
The orc warrior throws a stone.
The stone barely misses you.
The centaur wields a +0 shortbow.
The centaur shoots an arrow.
The arrow hits you.
* * * LOW HITPOINT WARNING * * *
The hippogriff seems to regain its courage.
The orc warrior throws a stone.
The stone barely misses you.
As you read the scroll of teleportation, it crumbles to dust.
You feel strangely unstable.
The slave seems to regain its courage.
The centaur seems to regain its courage.
The centaur shoots an arrow.
The arrow closely misses you.
The orc warrior throws a stone.
The stone misses you.
You feel sick.
The centaur shoots an arrow.
The arrow hits you.
* * * LOW HITPOINT WARNING * * *
The orc priest looks encouraged for a moment.
The slave seems to regain its courage.
The orc priest seems to regain its courage.
The centaur shoots an arrow.
The arrow hits you!
You die...

#.....#p....o....##...###.
#..c..#ooop.......'.....#.
#.....#.pp##.(...##.....#.
#.....###p##.....##.....#.
#.......o..#.....##.....#.
#..........#.....##.....#.
#..........#............#.
#......(...#............'.
#...(.(..@.########.....#.
###+#######...... #.....#.
..... #...###. S...
#...#... ... #...#... ..
#...#... . #...#...
#...#... #####...


You could see an orc warrior, 4 slaves, a centaur, an orc priest, an adder
(fleeing) and an orc (wandering).

Vanquished Creatures
  Prince Ribbit (D:7)
  2 ice beasts
  3 orc warriors
  A sky beast (D:9)
  A necrophage (D:6)
  2 ogres
  A centaur (D:8)
  A big kobold (D:9)
  3 gnoll sergeants (D:6)
  A bullfrog (D:3)
  A wyvern zombie (D:7)
  3 water moccasin zombies (Ossuary)
  A scorpion (D:7)
  17 killer bees
  4 howler monkeys
  2 crimson imps
  3 jellies
  A gnoll shaman (D:6)
  2 hounds
  6 orc priests
  3 bullfrog skeletons
  5 orc wizards
  Jessica (D:2)
  A centaur skeleton (D:5)
  2 iguanas
  2 worker ants
  4 big kobold zombies (Ossuary)
  A hound zombie (D:7)
  2 mummies (Ossuary)
  Robin (D:2)
  19 gnolls
  14 adders
  3 oozes
  2 adder skeletons
  4 adder zombies (Ossuary)
  5 worms
  4 dart slugs
  6 leopard geckos
  15 orcs
  A bat zombie (D:2)
  4 giant cockroaches
  14 goblins
  7 hobgoblins
  13 jackals
  3 quokkas
  2 ball pythons (D:1)
  8 bats
  11 frilled lizards
  3 gnoll zombies (Ossuary)
  6 hobgoblin zombies (Ossuary)
  11 kobolds
  4 kobold zombies (Ossuary)
  A leopard gecko skeleton (D:8)
  6 orc zombies (Ossuary)
  A quokka skeleton (D:7)
  15 rats
  4 rat zombies
264 creatures vanquished.

Notes
Turn   | Place    | Note
-------+----------+-------------------------------------------
     0 | D:1      | Impeuri the Vine Stalker Assassin began the quest for the
                  | Orb.
     0 | D:1      | Reached XP level 1. HP: 11/11 MP: 2/2
    37 | D:1      | Reached skill level 5 in Stealth
    60 | D:1      | Reached XP level 2. HP: 6/15 MP: 3/3
    78 | D:1      | Identified a +1 pair of boots of running (You found it on
                  | level 1 of the Dungeon)
   419 | D:1      | Reached XP level 3. HP: 18/18 MP: 4/4
  1000 | D:2      | Reached skill level 6 in Stealth
  1000 | D:2      | Gained mutation: Your natural rate of healing is unusually
                  | fast. [Vine Stalker growth]
  1000 | D:2      | Reached XP level 4. HP: 22/23 MP: 5/5
  1142 | D:2      | Noticed Robin
  1179 | D:2      | Killed Robin
  1278 | D:2      | Found an ancient bone altar of Kikubaaqudgha.
  1615 | D:2      | Noticed Jessica
  1622 | D:2      | Killed Jessica
  1622 | D:2      | Reached XP level 5. HP: 26/26 MP: 6/6
  1887 | D:3      | Reached skill level 7 in Stealth
  1887 | D:3      | Reached XP level 6. HP: 26/30 MP: 5/7
  1939 | D:3      | Found a shimmering altar of Xom.
  1942 | D:3      | Found a shattered altar of Ashenzari.
  2309 | D:3      | Reached skill level 1 in Dodging
  2365 | D:3      | Found an opulent altar of Gozag.
  3102 | D:4      | Reached XP level 7. HP: 20/35 MP: 4/8
  3177 | D:4      | Found a sand-covered staircase.
  3200 | Ossuary  | Entered an ossuary
  3375 | Ossuary  | Reached skill level 8 in Stealth
  3765 | D:4      | Reached skill level 5 in Short Blades
  3765 | D:4      | Gained mutation: You have razor-sharp teeth. [Vine Stalker
                  | growth]
  3765 | D:4      | Reached XP level 8. HP: 30/40 MP: 9/9
  3886 | D:4      | Found a hide-covered altar of Uskayaw.
  3886 | D:4      | Noticed a +0 dagger
  3886 | D:4      | Noticed a +0 hand axe
  3953 | D:4      | Found a staircase to the Ecumenical Temple.
  3963 | Temple   | Entered the Ecumenical Temple
  4015 | Temple   | Became a worshipper of Dithmenos the Shadowed
  4102 | D:5      | Entered Level 5 of the Dungeon
  4166 | D:5      | Found a shimmering blue altar of Sif Muna.
  4650 | D:6      | Found an iron altar of Okawaru.
  4947 | D:6      | Reached skill level 9 in Stealth
  5003 | D:6      | Reached * piety under Dithmenos
  5523 | D:7      | Reached XP level 9. HP: 46/46 MP: 10/10
  5528 | D:7      | Found Zuatev's Armour Shoppe.
  5626 | D:7      | Noticed Prince Ribbit
  5683 | D:7      | Killed Prince Ribbit
  5716 | D:7      | Found a glowing golden altar of the Shining One.
  5835 | D:7      | Found a blossoming altar of Fedhas.
  6121 | D:8      | Found a snail-covered altar of Cheibriados.
  6256 | D:8      | Reached skill level 5 in Fighting
  6256 | D:8      | Reached skill level 1 in Invocations
  6258 | D:8      | Reached ** piety under Dithmenos
  6747 | D:8      | Reached skill level 10 in Stealth
  7091 | D:9      | Found an ornate altar of the Wu Jian Council.
  7120 | D:9      | Reached XP level 10. HP: 45/51 MP: 12/12
  7132 | D:9      | Reached *** piety under Dithmenos
  7148 | D:9      | Learned a level 2 spell: Blink
  7249 | D:9      | Reached skill level 1 in Spellcasting
  7249 | D:9      | Reached skill level 1 in Translocations
  7389 | D:9      | Noticed Pikel
  7403 | D:9      | HP: 1/51 [centaur/arrow (3)]
  7404 | D:9      | Shot with an arrow by a centaur

Illustrated notes

Levels and vault maps discovered:
D:1:      nicolae_arrival_memento_mori, layout_basic
D:2:      layout_loops_ring, lemuel_zombie_altar_kikubaaqudgha, uniq_jessica,
          uniq_robin
D:3:      layout_loops_corners, lemuel_crystal_altar, minitemple,
          kennysheep_path_1, minmay_unequal
D:4:      layout_rooms, dancing_weapons_uskayaw, temple_green, enter_ossuary_4,
          hangedman_decor_opposing, grunt_ministairs_12,
          kennysheep_windowed_goal
D:5:      layout_rooms, basic_altar, first_ration
D:6:      layout_cave_pools, serial_gnoll_camp, gnoll_camp_mini_basic,
          gnoll_camp_mini_hut, gnoll_camp_medium_01, gnoll_camp_mini_hut,
          gnoll_camp_mini_hut, okawaru_trees_2
D:7:      layout_basic, nicolae_overflow_hidden_temple, kennysheep_mini_moat,
          serial_shops, nicolae_shop_waterfront, uniq_prince_ribbit1
D:8:      layout_basic, old_standard_altar
D:9:      layout_gridville, lemuel_crystal_altar, old_standard_altar,
          david_nohive_1, grunt_ministairs_3, uniq_pikel
Temple:   minmay_temple_bridge_abc

Skill      XL: |  1  2  3  4  5  6  7  8  9 10 |
---------------+-------------------------------+-----
Stealth        | 5 6 7 8 9 10 | 10.3
Short Blades   | 2 3 4 5 6 |  6.9
Dodging        | 1 2 3 4 |  4.7
Fighting       | 2 3 4 5 |  5.5
Throwing       | 2 3 4 |  4.6
Invocations    | 2 3 |  3.1
Spellcasting   | 1 |  1.4
Translocations | 1 |  1.4

Action                   |  1- 3 |  4- 6 |  7- 9 | 10-12 || total
-------------------------+-------+-------+-------+-------++-------
Melee: Dagger            |    81 |   222 |   366 |       ||   669
       Bite              |    18 |    72 |   190 |    34 ||   314
       Rapier            |       |       |    83 |    84 ||   167
Throw: Dart              |     8 |    20 |    81 |     1 ||   110
Evoke: Wand              |       |       |    11 |       ||    11
  Use: Scroll            |       |       |    10 |     5 ||    15
 Stab: Sleeping          |     7 |    18 |    20 |       ||    45
       Distracted        |       |       |     1 |       ||     1
       Invisible         |       |       |     1 |       ||     1
  Eat: Chunk             |       |     6 |     9 |     1 ||    16
       Ration            |       |       |     1 |       ||     1
Armor: Robe              |    16 |    35 |    92 |    31 ||   174
       Animal skin       |       |     8 |       |       ||     8
Dodge: Dodged            |    37 |   114 |   317 |   133 ||   601
